[ AOE2 MATCH · #506883626 ]
UnrankedBulgarians vs Magyars
Player's team · WIN
Rival team · LOSS
[ REPLAY ANALYSIS · EXTRACTED FROM THE RECORDED GAME ]
Feudal
9:09
Castle
29:31
Imperial
—
| APM avg | 64.3 |
| APM peak | 102 |
| eAPM avg | 27.2 |
| Villagers / military | 130 / 69 |
Focus
⚔️ 41.9% · 🌾 58.1%
Scout Cavalry ×17 · Archer ×15 · Konnik ×10 · Spearman ×9 · Militia ×8 · Skirmisher ×7
Feudal
10:12
Castle
33:56
Imperial
—
| APM avg | 49.4 |
| APM peak | 85 |
| eAPM avg | 17.2 |
| Villagers / military | 77 / 61 |
Focus
⚔️ 32.7% · 🌾 67.3%
Spearman ×19 · Skirmisher ×15 · Scout Cavalry ×13 · Knight ×9 · Militia ×5
Match map
Initial resources + every placement click. Lines = walls · curves = elevation contours. ◆ gold · ⬟ stone · ● berries · ✦ relic · ◌ wall gap
Your base· Open — opponent sealed themselves in
theanswer5's base· ✓ Closed at 33:56 · 26t walls · 1 gate(s)
Smoothed initial terrain · ◌ = detected wall gap · hover for details
Inputs per minute
— thankyou9527 - - theanswer5
Build order — thankyou9527
First 150 of 296 actions detected
| 0:00 | Create | Villager (Male) |
| 0:01 | Create | Villager (Male) |
| 0:02 | Build | House |
| 0:11 | Create | Villager (Male) |
| 0:11 | Create | Villager (Male) |
| 0:12 | Create | Villager (Male) |
| 0:20 | Build | House |
| 0:49 | Build | House |
| 1:28 | Create | Villager (Male) |
| 1:28 | Create | Villager (Male) |
| 1:54 | Create | Villager (Male) |
| 1:54 | Create | Villager (Male) |
| 2:03 | Build | Lumber Camp |
| 2:25 | Create | Villager (Male) |
| 2:25 | Create | Villager (Male) |
| 2:41 | Create | Villager (Male) |
| 2:41 | Create | Villager (Male) |
| 3:17 | Create | Villager (Male) |
| 3:46 | Create | Villager (Male) |
| 3:47 | Create | Villager (Male) |
| 4:14 | Create | Villager (Male) |
| 4:14 | Create | Villager (Male) |
| 4:25 | Create | Villager (Male) |
| 4:25 | Create | Villager (Male) |
| 4:58 | Create | Villager (Male) |
| 4:59 | Create | Villager (Male) |
| 5:07 | Build | Barracks |
| 5:11 | Create | Villager (Male) |
| 5:12 | Research | Loom |
| 5:59 | Build | House |
| 6:27 | Create | Villager (Male) |
| 6:27 | Create | Villager (Male) |
| 6:59 | Research | Feudal Age |
| 7:07 | Build | Mining Camp |
| 7:21 | Create | Militia |
| 7:21 | Create | Militia |
| 7:54 | Create | Militia |
| 7:54 | Create | Militia |
| 8:19 | Create | Militia |
| 8:34 | Create | Villager (Male) |
| 8:42 | Create | Militia |
| 8:42 | Create | Militia |
| 8:42 | Create | Militia |
| 8:44 | Create | Villager (Male) |
| 8:56 | Build | Palisade Wall |
| 8:58 | Build | Palisade Wall |
| 9:01 | Build | Palisade Wall |
| 9:02 | Build | Palisade Wall |
| 9:09 | Age | Feudal Age |
| 9:09 | Create | Villager (Male) |
| 9:15 | Research | Double-Bit Axe |
| 9:15 | Research | Double-Bit Axe |
| 9:37 | Create | Villager (Male) |
| 9:37 | Create | Villager (Male) |
| 9:38 | Create | Villager (Male) |
| 9:38 | Create | Villager (Male) |
| 9:38 | Create | Villager (Male) |
| 9:42 | Build | House |
| 9:45 | Research | Town Watch |
| 9:55 | Build | House |
| 10:03 | Build | Archery Range |
| 10:28 | Create | Villager (Male) |
| 10:28 | Create | Villager (Male) |
| 10:28 | Create | Villager (Male) |
| 10:29 | Create | Villager (Male) |
| 10:29 | Create | Villager (Male) |
| 10:29 | Create | Villager (Male) |
| 10:45 | Build | Mill |
| 10:50 | Build | Palisade Wall |
| 10:55 | Create | Archer |
| 10:56 | Create | Archer |
| 10:58 | Create | Villager (Male) |
| 10:59 | Create | Villager (Male) |
| 11:21 | Create | Villager (Male) |
| 11:50 | Create | Villager (Male) |
| 11:51 | Create | Villager (Male) |
| 11:51 | Create | Villager (Male) |
| 12:02 | Create | Villager (Male) |
| 12:04 | Build | Archery Range |
| 12:21 | Create | Archer |
| 12:31 | Create | Villager (Male) |
| 12:31 | Create | Villager (Male) |
| 13:21 | Create | Villager (Male) |
| 13:21 | Create | Villager (Male) |
| 13:28 | Create | Skirmisher |
| 13:40 | Create | Villager (Male) |
| 13:41 | Create | Villager (Male) |
| 13:46 | Build | House |
| 14:14 | Create | Villager (Male) |
| 14:14 | Create | Villager (Male) |
| 14:50 | Create | Skirmisher |
| 14:56 | Build | Farm |
| 15:01 | Build | Farm |
| 15:01 | Build | Farm |
| 15:02 | Create | Villager (Male) |
| 15:02 | Create | Villager (Male) |
| 15:17 | Create | Skirmisher |
| 15:42 | Build | Watch Tower |
| 15:54 | Build | Watch Tower |
| 15:57 | Create | Villager (Male) |
| 16:02 | Build | Farm |
| 16:02 | Build | Farm |
| 16:02 | Build | Farm |
| 16:03 | Build | Farm |
| 16:03 | Build | Farm |
| 16:16 | Create | Archer |
| 16:16 | Create | Archer |
| 16:33 | Create | Villager (Male) |
| 16:34 | Create | Villager (Male) |
| 16:34 | Create | Villager (Male) |
| 16:36 | Build | Farm |
| 16:37 | Build | Farm |
| 16:37 | Build | Farm |
| 16:51 | Build | Stable |
| 17:03 | Create | Villager (Male) |
| 17:03 | Create | Villager (Male) |
| 17:03 | Create | Villager (Male) |
| 17:11 | Create | Archer |
| 17:25 | Build | Mining Camp |
| 17:36 | Create | Villager (Male) |
| 17:36 | Create | Villager (Male) |
| 17:36 | Create | Villager (Male) |
| 17:36 | Create | Villager (Male) |
| 17:39 | Build | Farm |
| 17:51 | Create | Archer |
| 18:11 | Create | Skirmisher |
| 18:12 | Create | Scout Cavalry |
| 18:15 | Build | House |
| 18:19 | Create | Villager (Male) |
| 18:41 | Build | Watch Tower |
| 18:42 | Create | Archer |
| 18:44 | Create | Villager (Male) |
| 18:54 | Build | House |
| 19:32 | Create | Villager (Male) |
| 19:33 | Create | Villager (Male) |
| 19:35 | Build | Farm |
| 19:35 | Build | Farm |
| 19:36 | Build | Farm |
| 19:38 | Build | Blacksmith |
| 20:16 | Build | Farm |
| 20:18 | Build | Farm |
| 20:31 | Create | Spearman |
| 20:31 | Create | Spearman |
| 20:38 | Create | Archer |
| 20:39 | Create | Archer |
| 20:42 | Create | Scout Cavalry |
| 20:43 | Create | Scout Cavalry |
| 20:50 | Build | Palisade Wall |
| 20:51 | Build | Palisade Wall |
| 20:53 | Build | Palisade Wall |
Build order — theanswer5
First 150 of 228 actions detected
| 0:05 | Create | Villager (Male) |
| 0:06 | Create | Villager (Male) |
| 0:06 | Create | Villager (Male) |
| 0:06 | Create | Villager (Male) |
| 0:09 | Build | House |
| 0:10 | Build | House |
| 1:32 | Create | Villager (Male) |
| 2:00 | Create | Villager (Male) |
| 2:00 | Create | Villager (Male) |
| 2:17 | Build | Lumber Camp |
| 2:31 | Create | Villager (Male) |
| 2:32 | Create | Villager (Male) |
| 2:40 | Create | Villager (Male) |
| 2:40 | Create | Villager (Male) |
| 3:17 | Create | Villager (Male) |
| 3:38 | Create | Villager (Male) |
| 4:01 | Build | House |
| 4:18 | Create | Villager (Male) |
| 4:19 | Create | Villager (Male) |
| 5:09 | Create | Villager (Male) |
| 5:15 | Build | Mining Camp |
| 5:25 | Research | Loom |
| 5:41 | Build | House |
| 5:55 | Create | Villager (Male) |
| 6:08 | Build | Palisade Wall |
| 6:12 | Build | Palisade Wall |
| 6:22 | Create | Villager (Male) |
| 6:40 | Build | Barracks |
| 6:53 | Create | Villager (Male) |
| 7:07 | Create | Villager (Male) |
| 7:34 | Build | House |
| 8:02 | Research | Feudal Age |
| 8:09 | Build | Palisade Wall |
| 8:14 | Build | Palisade Gate |
| 8:31 | Create | Militia |
| 8:31 | Create | Militia |
| 8:31 | Create | Militia |
| 9:08 | Create | Militia |
| 9:19 | Build | House |
| 9:48 | Create | Militia |
| 9:56 | Build | Palisade Wall |
| 10:12 | Age | Feudal Age |
| 10:18 | Research | Man-at-Arms (upgrade) |
| 10:18 | Research | Man-at-Arms (upgrade) |
| 10:20 | Create | Villager (Male) |
| 10:20 | Create | Villager (Male) |
| 10:42 | Create | Spearman |
| 10:46 | Create | Villager (Male) |
| 10:51 | Research | Double-Bit Axe |
| 10:51 | Research | Double-Bit Axe |
| 11:04 | Build | House |
| 11:13 | Create | Villager (Male) |
| 11:27 | Build | House |
| 11:49 | Create | Villager (Male) |
| 11:54 | Build | Palisade Wall |
| 12:24 | Create | Villager (Male) |
| 12:37 | Create | Villager (Male) |
| 13:15 | Create | Villager (Male) |
| 13:16 | Create | Villager (Male) |
| 13:40 | Create | Villager (Male) |
| 13:58 | Build | Archery Range |
| 14:35 | Create | Skirmisher |
| 14:35 | Create | Skirmisher |
| 14:39 | Create | Villager (Male) |
| 14:40 | Create | Villager (Male) |
| 15:01 | Build | Palisade Wall |
| 15:11 | Build | Watch Tower |
| 15:38 | Build | Mill |
| 16:30 | Create | Villager (Male) |
| 16:30 | Create | Villager (Male) |
| 16:56 | Build | Market |
| 16:58 | Create | Villager (Male) |
| 16:59 | Create | Villager (Male) |
| 17:01 | Build | Farm |
| 17:05 | Build | Farm |
| 17:05 | Build | Farm |
| 17:06 | Build | Farm |
| 17:07 | Build | Farm |
| 17:33 | Create | Skirmisher |
| 17:48 | Create | Villager (Male) |
| 17:49 | Create | Villager (Male) |
| 17:51 | Build | Palisade Wall |
| 17:53 | Build | Farm |
| 18:35 | Build | Stable |
| 18:38 | Create | Villager (Male) |
| 18:38 | Create | Villager (Male) |
| 19:00 | Build | Blacksmith |
| 19:07 | Create | Scout Cavalry |
| 19:08 | Create | Scout Cavalry |
| 19:08 | Create | Scout Cavalry |
| 19:12 | Create | Villager (Male) |
| 19:54 | Create | Villager (Male) |
| 19:55 | Create | Villager (Male) |
| 19:57 | Create | Skirmisher |
| 19:58 | Create | Skirmisher |
| 19:58 | Create | Skirmisher |
| 20:22 | Create | Villager (Male) |
| 20:42 | Create | Villager (Male) |
| 21:19 | Create | Villager (Male) |
| 21:24 | Create | Scout Cavalry |
| 21:24 | Create | Scout Cavalry |
| 21:34 | Create | Skirmisher |
| 21:34 | Create | Skirmisher |
| 21:58 | Build | Farm |
| 21:59 | Build | Farm |
| 22:00 | Build | Farm |
| 22:01 | Build | Farm |
| 22:11 | Research | Fletching |
| 22:11 | Research | Fletching |
| 22:17 | Create | Scout Cavalry |
| 22:50 | Create | Villager (Male) |
| 22:51 | Create | Villager (Male) |
| 22:55 | Build | House |
| 22:55 | Build | House |
| 23:28 | Create | Villager (Male) |
| 23:53 | Create | Villager (Male) |
| 24:05 | Build | Farm |
| 24:07 | Build | Farm |
| 24:10 | Build | Farm |
| 24:17 | Build | Mining Camp |
| 24:22 | Create | Scout Cavalry |
| 24:23 | Create | Scout Cavalry |
| 24:26 | Research | Scale Barding Armor |
| 24:26 | Research | Scale Barding Armor |
| 24:35 | Build | Palisade Wall |
| 24:36 | Build | Palisade Wall |
| 24:37 | Build | Palisade Wall |
| 24:38 | Build | Palisade Wall |
| 24:49 | Create | Skirmisher |
| 24:50 | Create | Skirmisher |
| 25:11 | Create | Scout Cavalry |
| 25:12 | Create | Villager (Male) |
| 25:12 | Create | Villager (Male) |
| 25:16 | Build | House |
| 25:17 | Build | House |
| 25:38 | Build | House |
| 25:50 | Build | Farm |
| 25:53 | Create | Villager (Male) |
| 25:53 | Create | Villager (Male) |
| 25:56 | Create | Skirmisher |
| 25:56 | Create | Skirmisher |
| 25:57 | Create | Skirmisher |
| 26:24 | Build | Farm |
| 26:24 | Build | Farm |
| 26:34 | Build | Watch Tower |
| 26:40 | Create | Villager (Male) |
| 26:44 | Build | Farm |
| 26:47 | Build | Farm |
| 27:00 | Create | Villager (Male) |
| 27:38 | Create | Scout Cavalry |
Match timeline
| 5:07 | thankyou9527 · first_building Barracks |
| 6:08 | theanswer5 · wall_segment Palisade Wall x1 |
| 6:12 | theanswer5 · wall_segment Palisade Wall x1 |
| 6:40 | theanswer5 · first_building Barracks |
| 8:09 | theanswer5 · wall_segment Palisade Wall x8 |
| 8:56 | thankyou9527 · wall_segment Palisade Wall x1 |
| 8:58 | thankyou9527 · wall_segment Palisade Wall x1 |
| 9:01 | thankyou9527 · wall_segment Palisade Wall x1 |
| 9:02 | thankyou9527 · wall_segment Palisade Wall x1 |
| 9:09 | thankyou9527 · age_up feudal |
| 9:56 | theanswer5 · wall_segment Palisade Wall x7 |
| 10:03 | thankyou9527 · first_building Archery Range |
| 10:12 | theanswer5 · age_up feudal |
| 10:50 | thankyou9527 · wall_segment Palisade Wall x1 |
| 11:54 | theanswer5 · wall_segment Palisade Wall x1 |
| 13:58 | theanswer5 · first_building Archery Range |
| 15:01 | theanswer5 · wall_segment Palisade Wall x4 |
| 16:51 | thankyou9527 · first_building Stable |
| 17:51 | theanswer5 · wall_segment Palisade Wall x1 |
| 18:35 | theanswer5 · first_building Stable |
| 19:06 | theanswer5 · first_market_buy 100 food |
| 20:50 | thankyou9527 · wall_segment Palisade Wall x1 |
| 20:51 | thankyou9527 · wall_segment Palisade Wall x1 |
| 20:53 | thankyou9527 · wall_segment Palisade Wall x1 |
| 20:54 | thankyou9527 · wall_segment Palisade Wall x1 |
| 20:54 | thankyou9527 · wall_segment Palisade Wall x1 |
| 24:35 | theanswer5 · wall_segment Palisade Wall x1 |
| 24:36 | theanswer5 · wall_segment Palisade Wall x1 |
| 24:37 | theanswer5 · wall_segment Palisade Wall x1 |
| 24:38 | theanswer5 · wall_segment Palisade Wall x1 |
| 25:14 | thankyou9527 · wall_segment Palisade Wall x1 |
| 25:14 | thankyou9527 · wall_segment Palisade Wall x1 |
| 26:48 | thankyou9527 · first_market_sell 100 wood |
| 29:31 | thankyou9527 · age_up castle |
| 31:24 | thankyou9527 · first_market_buy 100 stone |
| 31:29 | thankyou9527 · first_building Krepost |
| 33:56 | theanswer5 · age_up castle |
| 35:13 | thankyou9527 · first_building Siege Workshop |
| 37:20 | thankyou9527 · wall_segment Palisade Wall x2 |
| 37:22 | thankyou9527 · wall_segment Palisade Wall x1 |
| 40:13 | theanswer5 · resign |
[ AI ANALYSIS · 1 CREDIT ]
What really happened in this match?
Wolo.gg analyzes every decision: build order, eco, micro, common mistakes by bracket. Personalized analysis on WhatsApp or Discord in 30 seconds.
Civ guide
Bulgarians
Perfil
Jugador #5757611